 Dungeon Crawl Stone Soup version 0.16-a0-4099-g0be755f (webtiles) character file.

459 McCoppin the Quickloader (level 7, -2/51 HPs)
             Began as a Formicid Hunter on Feb 26, 2015.
             Killed from afar by an orc wizard (5 damage)
             ... with a puff of frost
             ... on level 5 of the Dungeon.
             The game lasted 00:26:10 (3260 turns).

McCoppin the Quickloader (Formicid Hunter)          Turns: 3260, Time: 00:26:11

Health: -2/51      AC:  7    Str: 21    XL:     7   Next: 28%
Magic:  9/9        EV: 10    Int: 11    God:
Gold:   185        SH:  0    Dex: 11    Spells: 0 memorised, 6 levels left

rFire  . . .     SeeInvis +     b - +1 hand crossbow
rCold  . . .     Clarity  .     h - +0 scale mail
rNeg   . . .     SustAb   .     (no shield)
rPois  .         Gourm    .     (helmet unavailable)
rElec  .         Spirit   .     k - +0 cloak
rCorr  .         Warding  .     (no gloves)
rMut   .         Stasis   +     (no boots)
MR     .....                    (no amulet)
Stlth  ..........               (no ring)
                                l - +3 ring of strength

@: not resistant to hostile enchantments, extremely unstealthy
A: permanent stasis, dig shafts and tunnels, four strong arms, antennae 3
a: Dig, Shaft Self


You were on level 5 of the Dungeon.
You were hungry.

You visited 1 branch of the dungeon, and saw 5 of its levels.

You collected 185 gold pieces.

Inventory:

Hand weapons
 a - a +0 short sword
 b - a +1 hand crossbow (weapon)
 e - a +0 hand axe
Missiles
 c - 16 bolts
 m - 12 bolts of penetration (quivered)
 n - 17 arrows of frost
Armour
 d - a +0 leather armour
 h - a +0 scale mail (worn)
 k - a +0 cloak (worn)
 y - a +0 leather armour of cold resistance
Jewellery
 l - a +3 ring of strength (left hand)
Magical devices
 x - a wand of magic darts (23)
Scrolls
 j - 2 scrolls of enchant weapon {unknown}
 o - a scroll of recharging
 p - 2 scrolls of noise {unknown}
 q - 4 scrolls of remove curse {unknown}
 r - a scroll of blinking {unknown}
 s - a scroll of enchant armour {unknown}
 u - a scroll of fog {unknown}
 w - 2 scrolls of magic mapping {unknown}
Potions
 g - a potion of haste
 i - a potion of mutation {unknown}
 v - a potion of flight
 A - a potion of magic {unknown}
 B - a potion of cure mutation {unknown}
 C - a potion of agility {unknown}
 D - a potion of curing {unknown}
Comestibles
 f - 3 bread rations
 t - a meat ration
 z - 5 chunks of flesh


   Skills:
 - Level 2.7 Fighting
 + Level 8.1 Crossbows
 - Level 1.7 Dodging
 - Level 1.2 Stealth


You had 6 spell levels left.
You didn't know any spells.

Dungeon Overview and Level Annotations

Branches:
Dungeon (5/15)
 Temple: D:4-7

Altars:
Okawaru


Innate Abilities, Weirdness & Mutations

You are under a permanent stasis effect.
You can dig through walls and to a lower floor.
Your four strong arms can wield two-handed weapons with a shield.
You have a pair of large antennae on your head (SInv).


Message History

The orc wizard closely misses you.
The orc wizard points at you and mumbles some strange words.
The magic dart hits you!
* * * LOW HITPOINT WARNING * * *
The orc wizard closely misses you.
Drink which item? (? for menu, Esc to quit)
Okay, then.
The orc wizard points at you and mumbles some strange words.
The puff of flame hits you!
* * * LOW HITPOINT WARNING * * *
Drink which item? (? for menu, Esc to quit)
It was a potion of haste.
Your stasis keeps you stable.
The orc wizard points at you and mumbles some strange words.
The magic dart hits you!
* * * LOW HITPOINT WARNING * * *
The orc wizard hits you but does no damage.
The orc wizard closely misses you. The orc wizard casts a spell at you.
The puff of frost hits you!
You die...

#o..# #...# #.
##...# #. #.o.(#
## #.#..# ##O..##
########o#.##
#.).....#..##
#<###>@.)...###
#.# #.#.......#
#.# #.#.......#
...
#.#....).....#
... #.#.#.....###
.....#.........#
.....###..^(....≈
##.....
..#(≈..^^^ #.#
...#^..^#


You could see an ogre, an orc priest and an orc wizard.

Vanquished Creatures
  Eustachio (D:5)
  An ogre (D:5)
  An orc wizard (D:3)
  A worker ant (D:4)
  A centaur skeleton (D:4)
  Ijyb (D:4)
  5 adders
  A river rat (D:5)
  2 worms
  7 orcs
  10 bats
  2 giant cockroaches
  9 goblins
  12 hobgoblins
  2 jackals (D:3)
  2 quokkas
  3 giant newts (D:2)
  4 kobolds
  11 rats
76 creatures vanquished.

Notes
Turn   | Place    | Note
--------------------------------------------------------------
     0 | D:1      | McCoppin, the Formicid Hunter, began the quest for the Orb.
     0 | D:1      | Reached XP level 1. HP: 16/16 MP: 1/1
   503 | D:2      | Reached XP level 2. HP: 23/23 MP: 3/3
  1047 | D:2      | Reached XP level 3. HP: 28/28 MP: 4/4
  1144 | D:2      | Reached skill level 5 in Crossbows
  1172 | D:2      | Found an iron altar of Okawaru.
  1470 | D:2      | Reached XP level 4. HP: 34/34 MP: 5/5
  2078 | D:3      | Reached XP level 5. HP: 39/39 MP: 7/7
  2225 | D:4      | Reached skill level 6 in Crossbows
  2715 | D:4      | Reached XP level 6. HP: 38/46 MP: 8/8
  2847 | D:4      | Noticed Ijyb
  2858 | D:4      | Killed Ijyb
  3025 | D:5      | Entered Level 5 of the Dungeon
  3133 | D:5      | Noticed Eustachio
  3154 | D:5      | Reached skill level 7 in Crossbows
  3158 | D:5      | Killed Eustachio
  3158 | D:5      | Reached skill level 8 in Crossbows
  3158 | D:5      | Reached XP level 7. HP: 51/51 MP: 9/9
  3256 | D:5      | HP: 2/51 [orc wizard/magic dart (6)]
  3260 | D:5      | Killed from afar by an orc wizard

Action                   |  1- 3 |  4- 6 |  7- 9 || total
-------------------------+-------+-------+-------++-------
Melee: Hand axe          |    10 |       |       ||    10
 Fire: Hand crossbow     |    61 |   131 |     8 ||   200
  Use: Scroll            |       |       |     3 ||     3
       Potion            |       |       |     1 ||     1
  Eat: Chunk             |     1 |     4 |       ||     5
       Pizza             |       |     1 |       ||     1
